 Dungeon Crawl Stone Soup version 0.20.1-1-g8b1a95d (webtiles) character file.

339 fili the Firebug (level 6, 0/50 HPs)
             Began as a Draconian Fire Elementalist on Nov 11, 2017.
             Slain by a sky beast (4 damage)
             ... on level 3 of the Dungeon on Nov 15, 2017.
             The game lasted 00:36:57 (3438 turns).

fili the Firebug (Draconian Fire Elementalist)      Turns: 3438, Time: 00:36:58

Health: 0/50       AC:  7    Str: 11    XL:     6   Next: 29%
Magic:  10/10      EV: 12    Int: 17    God:
Gold:   197        SH:  0    Dex: 11    Spells: 7/11 levels left

rFire    . . .     SeeInvis .   a - +1 rapier (elec)
rCold    . . .     Gourm    .   (no shield)
rNeg     . . .     Faith    .   (armour unavailable)
rPois    .         Spirit   .   (helmet restricted)
rElec    .         Reflect  .   m - +0 cloak
rCorr    .         Harm     .   (no gloves)
MR       .....                  (no boots)
Stlth    ++........             s - amulet of regeneration
Regen    0.6/turn               (no ring)
MPRegen  0.2/turn               (no ring)

@: about to teleport
A: unfitting armour, cold-blooded, AC +6
a: no special abilities


You were on level 3 of the Dungeon.
You were not hungry.

You visited 1 branch of the dungeon, and saw 4 of its levels.

You collected 197 gold pieces.

Inventory:

Hand Weapons
 a - a +1 rapier of electrocution (weapon)
 b - a +2 hunting sling of flaming
 q - a +2 antimagic dagger
 u - a +0 trident
Missiles
 e - 155 stones (quivered)
 i - 58 sling bullets
Armour
 m - a +0 cloak (worn)
 o - a +0 buckler
 v - a +0 leather armour
Jewellery
 s - an amulet of regeneration (around neck)
Scrolls
 k - a scroll of identify
 r - a scroll of teleportation
 t - a scroll of fog {unknown}
Potions
 c - 2 potions of ambrosia {unknown}
 d - a potion of brilliance {unknown}
 f - a potion of lignification {unknown}
 g - a potion of curing {unknown}
 l - a potion of cancellation {unknown}
Books
 h - a book of Flames

   Spells                             Type                      Level
   a - Flame Tongue                   Conjuration/Fire             1
   b - Throw Flame                    Conjuration/Fire             2
   c - Conjure Flame                  Conjuration/Fire             3
   d - Inner Flame                    Hexes/Fire                   3
   e - Sticky Flame                   Conjuration/Fire             4
   f - Fireball                       Conjuration/Fire             5
Comestibles
 j - 3 royal jellies
 n - 7 fruits
 p - 4 bread rations
 w - a chunk of flesh


   Skills:
 + Level 2.6 Fighting
 + Level 1.2 Short Blades
 - Level 1.7 Dodging
 - Level 1.7 Stealth
 + Level 3.1 Spellcasting
 * Level 3.5 Conjurations
 * Level 4.4 Fire Magic


You had 7 spell levels left.
You knew the following spells:

 Your Spells              Type           Power        Failure   Level  Hunger
a - Flame Tongue          Conj/Fire      ###..        3%          1    None
c - Conjure Flame         Conj/Fire      ###.....     10%         3    ###....


Dungeon Overview and Level Annotations

Branches:
Dungeon (4/15)             Temple (0/1) D:4

Altars:
Makhleb

Annotations:
D:2 exclusion: downstairs
D:3 exclusion: downstairs


Innate Abilities, Weirdness & Mutations

Your plain brown scales are hard. (AC +6)
You cannot fit into any form of body armour.
You are cold-blooded and may be slowed by cold attacks.


Message History

You barely miss something. Something hits you but does no damage.
You completely miss something.
Something hits you but does no damage. x2
You completely miss something. Something hits you. Something shocks you.
You miss something. Something hits you but does no damage.
You miss something. Something hits you. Something shocks you.
You hit something.
Your tail-slap misses something.
Something hits you. Something shocks you.
You closely miss something. You tail-slap something.
Something hits you but does no damage.
You hit something but do no damage. Something hits you. Something shocks you.
* * * LOW HITPOINT WARNING * * *
Something hits you.
* * * LOW HITPOINT WARNING * * *
Something shocks you.
* * * LOW HITPOINT WARNING * * *
The sky beast flickers out of sight!
As you read the scroll of teleportation, it crumbles to dust.
You feel strangely unstable. Something hits you.
You die...

.........)...#......###.#........
...............#........#........
.............###..>...###.#......
.............# ##....####.#####..
.............####..#...##.# #....
........##.........#......###.#.#
.......###..............##......#
........##....#.................#
.........#....##@.........####.).
.........#................#....##
.........#.#.###.........)..###..
...........#>....................
............###...........#....##
......##.##..##..............####
......##..##.###.............# #
##..#####.##.##..........#..## #
###...# #.....#..............## #


There were no monsters in sight!

Vanquished Creatures
  A hound (D:3)
  2 orc priests (D:3)
  An orc wizard (D:3)
  A centaur skeleton (D:4)
  2 worker ants (D:4)
  An iguana (D:4)
  4 adders
  An ooze (D:1)
  An adder skeleton (D:4)
  2 dart slugs
  4 leopard geckos
  3 orcs
  4 giant cockroaches
  11 goblins
  9 hobgoblins
  2 jackals (D:3)
  7 kobolds
  A quokka (D:4)
  3 bats
  6 frilled lizards
  6 rats
72 creatures vanquished.

Notes
Turn   | Place    | Note
-------+----------+-------------------------------------------
     0 | D:1      | fili the Draconian Fire Elementalist began the quest for the Orb.
     0 | D:1      | Reached XP level 1. HP: 14/14 MP: 3/3
   256 | D:1      | Reached XP level 2. HP: 19/22 MP: 3/5
   823 | D:1      | Reached XP level 3. HP: 24/27 MP: 3/6
  1284 | D:2      | Found a burning altar of Makhleb.
  1656 | D:2      | Reached skill level 1 in Fighting
  1772 | D:2      | Found a faded altar of an unknown god.
  2002 | D:3      | Reached XP level 4. HP: 35/35 MP: 2/7
  2591 | D:2      | Learned a level 3 spell: Conjure Flame
  2655 | D:3      | Reached skill level 4 in Fire Magic
  2655 | D:3      | Reached XP level 5. HP: 41/41 MP: 5/9
  3013 | D:3      | HP: 2/41 [orc priest/divine providence (11)]
  3213 | D:4      | Noticed a phantom
  3237 | D:4      | Reached skill level 1 in Short Blades
  3283 | D:4      | Reached XP level 6. HP: 48/50 MP: 8/10
  3376 | D:4      | Noticed a sky beast
  3433 | D:3      | HP: 1/50 [something (6)]
  3438 | D:3      | Slain by a sky beast

Skill      XL: |  1  2  3  4  5 |
---------------+----------------+-----
Conjurations   | 2 3 |  3.5
Fighting       | 1 2 |  2.6
Fire Magic     | 4 |  4.4
Spellcasting   | 3 |  3.1
Short Blades   | 1 |  1.2
Dodging        | |  1.7
Stealth        | |  1.7

Action                   |  1- 3 |  4- 6 || total
-------------------------+-------+-------++-------
Melee: Unarmed           |    13 |       ||    13
       Dagger            |    19 |     7 ||    26
       Tailslap          |     1 |     5 ||     6
       Rapier            |       |    21 ||    21
 Fire: Hunting sling     |     2 |    30 ||    32
Throw: Stone             |    89 |       ||    89
 Cast: Flame Tongue      |    69 |    43 ||   112
  Use: Scroll            |     6 |     3 ||     9
  Eat: Chunk             |     4 |     5 ||     9
Armor: Skin              |    23 |    12 ||    35
Dodge: Dodged            |    32 |    14 ||    46
